 Dungeon Crawl Stone Soup version 0.29.1-15-g9cfb28693d (webtiles) character file.

Game seed: 16670248832302399849

918 javelincjr the Magician (level 8, 0/58 HPs)
             Began as a Djinni Conjurer on Feb 22, 2023.
             Shot with an arrow by a centaur (4 damage)
             ... on level 6 of the Dungeon.
             The game lasted 00:26:32 (5861 turns).

javelincjr the Magician (Djinni Conjurer)           Turns: 5861, Time: 00:26:32

Health: 0/58       AC:  3    Str:  8    XL:     8   Next: 31%
Gold:   202        EV: 13    Int: 19    God:
                   SH:  3    Dex: 13

rFire   + + .      SeeInvis .   w - +4 mace
rCold   x . .      Faith    .   y - +0 buckler
rNeg    . . .      Spirit   .   t - +1 robe {Will+}
rPois   ∞          Reflect  .   (no helmet)
rElec   .          Harm     .   (no cloak)
rCorr   .          Rampage  .   (no gloves)
Will    +....                   (boots unavailable)
Stlth   ++........              m - amulet of the acrobat
HPRegen 0.19/turn               (no ring)
MPRegen 0.00/turn               (no ring)

@: flying
A: sickness immunity, fire resistance 2, cold vulnerability 1, float, innate
caster, HP casting, extra vitality 1
a: no special abilities


You were on level 6 of the Dungeon.
You visited 1 branch of the dungeon, and saw 6 of its levels.

You collected 262 gold pieces.
You spent 60 gold pieces at shops.

Inventory:

Hand Weapons
 k - a +0 dagger of pain
 w - a +4 mace (weapon)
Missiles
 d - 5 boomerangs
 e - 5 javelins
Armour
 a - a +0 robe
 f - a +0 cloak
 o - a +2 cloak
 t - a +1 robe of willpower (worn)
 y - a +0 buckler (worn)
Magical Staves
 n - a staff of fire
Jewellery
 m - an amulet of the acrobat (around neck)
Wands
 u - a wand of digging (6)
 v - a wand of flame (16)
Scrolls
 b - a scroll of immolation {unknown}
 i - a scroll of noise {unknown}
 j - 2 scrolls of amnesia {unknown}
 q - 2 scrolls of blinking {unknown}
 r - 2 scrolls of identify {unknown}
Potions
 c - 5 potions of lignification {unknown}
 g - 3 potions of curing {unknown}
 h - a potion of magic {unknown}
 l - a potion of berserk rage {unknown}
 p - a potion of flight {unknown}
 s - 2 potions of brilliance {unknown}
 x - a potion of degeneration {unknown}


   Skills:
 * Level 4.4 Fighting
 + Level 2.9 Armour
 + Level 4.3 Dodging
 + Level 3.5 Stealth
 * Level 4.9 Spellcasting


You couldn't memorise any spells.
You knew the following spells:

 Your Spells              Type           Power      Damage    Failure   Level
a - Magic Dart            Conj           92%        1d7       2%          1
b - Searing Ray           Conj           46%        2d6       3%          2
c - Dazzling Flash        Conj/Hex       46%        N/A       7%          3
d - Fulminant Prism       Conj/Hex       11%        3d9       22%         4
e - Iskenderun's Mystic   Conj/Tloc      23%        2d6       22%         4
f - Shock                 Conj/Air       92%        1d8       2%          1
g - Poisonous Vapours     Pois/Air       46%        N/A       3%          2
h - Ensorcelled Hibernat  Hex/Ice        46%        N/A       3%          2
Your spell library was empty.

Dungeon Overview and Level Annotations

Branches:
Dungeon (6/15)             Temple (0/1) D:5

Altars:
Cheibriados
Qazlal
Ru

Shops:
D:1 *   D:4 !

Annotations:
D:4 2 transporters, CrabNicholson's ghost, amateur DjFE
D:6 Menkaure


Innate Abilities, Weirdness & Mutations

You are immune to sickness and miasma.
You are immune to poison.
Your flesh is very heat resistant. (rF++)
You are vulnerable to cold. (rC-)
You float through the air rather than walking.
You learn spells naturally, not from books.
Your magical power is your life essence.
You have superior vitality. (+4 MHP)


Message History

Confirm with . or Enter, or press ? or * to list all spells.
The spell is quite dangerous to miscast (22% risk of failure)!
Continue anyway?
Aiming: Fulminant Prism (quite dangerous; 22% risk of failure)
Press: ? - help, Dir - move target You conjure a prism of explosive energy!
A fulminant prism comes into view.
The centaur unwields a +0 shortbow.
The centaur hits your fulminant prism.
The centaur kicks your fulminant prism but does no damage.
The centaur wields a +0 shortbow.
The centaur shoots an arrow.
The arrow hits your fulminant prism.
Your fulminant prism detonates feebly.
The centaur shoots an arrow.
The arrow barely misses you.
Casting: Fulminant Prism (quite dangerous; 22% risk of failure)
Confirm with . or Enter, or press ? or * to list all spells.
The spell is quite dangerous to miscast (22% risk of failure)!
Continue anyway?
Aiming: Fulminant Prism (quite dangerous; 22% risk of failure)
Press: ? - help, Dir - move target You conjure a prism of explosive energy!
A fulminant prism comes into view.
The centaur shoots an arrow.
The arrow hits your fulminant prism!
Your fulminant prism detonates feebly.
Unknown command.
Menkaure casts a spell.
Menkaure seems to speed up.
The centaur shoots an arrow.
The arrow hits you!
* * * LOW HITPOINT WARNING * * *
Menkaure calls on the powers of darkness!
The centaur convulses!
Your body is wracked with pain!
* * * LOW HITPOINT WARNING * * *
Casting: Fulminant Prism (quite dangerous; 22% risk of failure)
Confirm with . or Enter, or press ? or * to list all spells.
The spell is quite dangerous to miscast (22% risk of failure)!
Continue anyway?
Aiming: Fulminant Prism (quite dangerous; 22% risk of failure)
Press: ? - help, Dir - move target You conjure a prism of explosive energy!
* * * LOW HITPOINT WARNING * * *
A fulminant prism comes into view.
The centaur shoots an arrow.
The arrow hits your fulminant prism.
Your fulminant prism detonates feebly.
The centaur shoots an arrow.
The arrow hits you.
You die...

#..# #..# #..#
######..#
#.......#
######.## #.#
######.####.#
#....@......#
#.##.########
#..........#
#.##.#####.#
###.##c#
#.#.##.#
######.....M#
.........)..#
..########M##.#


You could see Menkaure (fast) and a centaur (poisoned).

Vanquished Creatures
  An ogre (D:5)
  A scorpion (D:5)
  5 wights (D:5)
  A howler monkey (D:5)
  2 hounds
  Jessica (D:2)
  3 iguanas (D:5)
  Natasha (thrice) (D:4)
  3 orc wizards (D:5)
  4 adders
  2 gnolls (D:6)
  A white imp (D:5)
  4 dart slugs
  18 orcs
  4 ball pythons
  5 bats
  4 endoplasms
  2 giant cockroaches
  5 goblins
  7 hobgoblins
  5 kobolds
  3 quokkas
  7 rats
91 creatures vanquished.

Vanquished Creatures (others)
  15 fulminant prisms
15 creatures vanquished.

Grand Total: 106 creatures vanquished

Notes
Turn   | Place    | Note
-------+----------+-------------------------------------------
     0 | D:1      | javelincjr the Djinni Conjurer began the quest for the Orb.
     0 | D:1      | javelincjr set off with the following spells memorised:
                  | Magic Dart, Searing Ray, Dazzling Flash, Fulminant Prism,
                  | Iskenderun's Mystic Blast.
     0 | D:1      | Reached XP level 1. HP: 15/15 MP: 0/0
   143 | D:1      | Reached XP level 2. HP: 18/21 MP: 0/0
   653 | D:1      | Found Toriucon's Assorted Antiques.
   746 | D:1      | Reached XP level 3. HP: 22/25 MP: 0/0
   746 | D:1      | Learned a level 1 spell: Shock
  1259 | D:2      | Noticed Jessica
  1263 | D:2      | Killed Jessica
  1264 | D:2      | Reached skill level 1 in Fighting
  1264 | D:2      | Reached XP level 4. HP: 27/32 MP: 0/0
  2216 | D:3      | Reached XP level 5. HP: 36/37 MP: 0/0
  2216 | D:3      | Learned a level 2 spell: Poisonous Vapours
  2415 | D:3      | Reached skill level 1 in Armour
  2606 | D:3      | Found a faded altar of an unknown god.
  3129 | D:4      | Found Imora's Distillery.
  3143 | D:4      | Bought a potion of heal wounds for 60 gold pieces
  3262 | D:4      | Noticed Natasha
  3273 | D:4      | Killed Natasha
  3329 | D:4      | Noticed Natasha
  3640 | D:4      | Found a transporter.
  3641 | D:4      | Noticed CrabNicholson's ghost (amateur DjFE)
  3642 | D:4      | Found a transporter.
  3644 | D:4      | Identified the +1 dire flail of Tota {freeze, rC++ Int-5
                  | Dex+6}
  3644 | D:4      | Noticed an ogre
  3662 | D:4      | Found a snail-covered altar of Cheibriados.
  3664 | D:4      | Found a sacrificial altar of Ru.
  3706 | D:4      | Killed Natasha
  3707 | D:4      | Reached XP level 6. HP: 38/44 MP: 0/0
  3912 | D:4      | Found a stormy altar of Qazlal.
  3987 | D:4      | Noticed Natasha
  3992 | D:4      | Killed Natasha
  4152 | D:5      | Entered Level 5 of the Dungeon
  4264 | D:5      | Reached XP level 7. HP: 30/50 MP: 0/0
  4264 | D:5      | Learned a level 2 spell: Ensorcelled Hibernation
  4660 | D:5      | Reached XP level 8. HP: 18/58 MP: 0/0
  5632 | D:5      | Found a staircase to the Ecumenical Temple.
  5840 | D:6      | Noticed Menkaure
  5861 | D:6      | Shot with an arrow by a centaur

Illustrated notes

Levels and vault maps discovered:
D:1:      minmay_arrival_glassed_features, layout_rooms, serial_shops, shop
D:2:      layout_loops_corners, uniq_jessica
D:3:      layout_basic, hellmonk_ecumenical_altar_defaced_shrine
D:4:      layout_basic, kennysheep_mini_moat, lemuel_doored_altar,
          nicolae_overflow_hidden_temple, gammafunk_ghost_smash, serial_shops,
          nicolae_shop_advertising_works [nicolae_subvault_shop_adworks],
          uniq_natasha
D:5:      layout_cave_pools, minmay_temple_entry_from_below_b
D:6:      layout_loops_ring, tgw_fedhas, gammafunk_temple_overflow_pools,
          nrook_uturn, uniq_menkaure

Skill      XL: |  1  2  3  4  5  6  7  8 |
---------------+-------------------------+-----
Stealth        | 2 3 |  3.5
Fighting       | 1 2 3 4 |  4.4
Dodging        | 3 4 |  4.3
Armour         | 1 2 |  2.9
Spellcasting   | 4 |  4.9

Action                   |  1- 3 |  4- 6 |  7- 9 || total
-------------------------+-------+-------+-------++-------
Melee: Dagger            |       |     9 |     2 ||    11
       Punch             |       |     1 |       ||     1
 Cast: Magic Dart        |    55 |    86 |    24 ||   165
       Searing Ray       |       |     9 |     6 ||    15
       Fulminant Prism   |       |     3 |    12 ||    15
       Poisonous Vapours |       |       |    14 ||    14
       Iskenderun's Myst |       |       |    11 ||    11
       Ensorcelled Hiber |       |       |     2 ||     2
  Use: Potion            |       |       |     1 ||     1
Armor: Robe              |     1 |     4 |       ||     5
Dodge: Dodged            |     4 |    18 |    13 ||    35
Block: Buckler           |       |       |     1 ||     1
